 Dungeon Crawl Stone Soup version 0.27-a0-1595-g0b823d0a13 (webtiles) character file.

Game seed: 13472053582261964251

105061 Brandom the Warrior (level 15, -2/144 HPs)
             Began as a Grey Draconian Abyssal Knight on July 20, 2021.
             Was an Elder of Lugonu.
             Shot with an arrow by a centaur warrior (18 damage)
             ... on level 13 of the Dungeon.
             The game lasted 01:47:49 (37304 turns).

Brandom the Warrior (DrAK)                         Turns: 37304, Time: 01:47:50

Health: -2/144     AC: 18    Str: 23    XL:     15   Next: 93%
Magic:  10/26      EV: 14    Int: 22    God:    Lugonu [****..]
Gold:   720        SH: 17    Dex: 11    Spells: 10/24 levels left

rFire    . . .     SeeInvis +   Q - +6 scimitar "Vyseqed" {freeze, rC- Str+3 Int+3}
rCold    . . .     Faith    .   D - +0 kite shield
rNeg     + . .     Spirit   .   (armour unavailable)
rPois    .         Reflect  +   (helmet restricted)
rElec    .         Harm     .   G - +0 cloak {Will+}
rCorr    .         Rampage  .   j - +1 pair of gloves
Will     ++...     Rnd*Tele +   (no boots)
Stlth    +.........             n - amulet "Tawnau" {Reflect rN+ Str+4 SH+5}
HPRegen  0.34/turn              z - ring of see invisible
MPRegen  0.20/turn              A - ring of protection from cold

@: studying 3 skills
A: AC +14, amphibious, unfitting armour, cold-blooded, high mp 1, shaggy fur 1,
strong 1, teleportitis 1
a: Renounce Religion, Depart the Abyss, Bend Space, Banish, Corrupt


You were on level 13 of the Dungeon.
You worshipped Lugonu.
Lugonu was greatly pleased with you.
You visited 3 branches of the dungeon, and saw 21 of its levels.
You visited the Abyss 3 times.
You also visited: Bailey, Gauntlet and Ice Cave.

You collected 3426 gold pieces.
You spent 2706 gold pieces at shops.

Inventory:

Hand Weapons
 s - the +5 short sword "Unetall" {vorpal, rC+ Dex+4}
   (You found it on level 4 of the Dungeon)

   It inflicts extra damage upon your enemies.
   Dex:       It affects your dexterity (+4).
   rC:        It protects you from cold.
 Q - the +6 scimitar "Vyseqed" (weapon) {freeze, rC- Str+3 Int+3}
   (You found it in an ice cave)

   It freezes those it strikes, dealing additional cold damage.
   It can also slow down cold-blooded creatures.
   Str:       It affects your strength (+3).
   Int:       It affects your intelligence (+3).
   rC:        It makes you vulnerable to cold.
Missiles
 b - 96 poisoned darts (quivered)
 h - 70 boomerangs
 r - 6 atropa-tipped darts
 C - 6 silver javelins
 O - 6 curare-tipped darts {!f}
 P - 6 boomerangs of dispersal {!f}
 T - 2 throwing nets {!f}
 V - 15 javelins
Armour
 j - a +1 pair of gloves (worn)
   (You found it on level 2 of the Dungeon)
 t - a scarf of invisibility
   (You found it in a Gauntlet)
 w - a +1 tower shield of positive energy
   (You took it off a minotaur in a Gauntlet)
 D - a +0 kite shield (worn)
   (You found it on level 12 of the Dungeon)
 G - a +0 cloak of willpower (worn)
   (You took it off Maurice on level 8 of the Dungeon)
Jewellery
 n - the amulet "Tawnau" (around neck) {Reflect rN+ Str+4 SH+5}
   (You acquired it in a bailey)

   [amulet of reflection]

   It reflects blocked missile attacks.
   Str:       It affects your strength (+4).
   rN:        It protects you from negative energy.
   SH:        It affects your SH (+5).
 z - a ring of see invisible (left hand)
   (You found it on level 9 of the Dungeon)
 A - a ring of protection from cold (right hand)
   (You found it on level 4 of the Dungeon)
 W - a ring of willpower
   (You took it off a frost giant in an ice cave)
Wands
 d - a wand of iceblast (23)
   (You took it off Maurice on level 8 of the Dungeon)
 e - a wand of mindburst (16)
   (You found it on level 5 of the Dungeon)
 u - a wand of paralysis (25)
   (You bought it in a shop on level 4 of the Dungeon)
 v - a wand of digging (7)
   (You found it in an ice cave)
 x - a wand of acid (9)
   (You found it on level 8 of the Dungeon)
Scrolls
 a - 3 scrolls of fear
 c - 2 scrolls of summoning
 f - 5 scrolls of enchant armour
 i - 6 scrolls of magic mapping
 k - a scroll of fog
 m - 5 scrolls of teleportation {@r4}
 y - 4 scrolls of noise {!r}
 E - a scroll of enchant weapon
 H - 2 scrolls of brand weapon
 K - 2 scrolls of identify {@r1}
 N - 3 scrolls of blinking
 S - a scroll of silence
Potions
 l - 3 potions of haste {@q3}
 o - 8 potions of curing {@q1}
 p - 2 potions of resistance
 q - 4 potions of lignification {!q}
 B - a potion of invisibility
 F - a potion of berserk rage
 I - 6 potions of attraction {!q}
 L - 3 potions of might
 M - 5 potions of flight
 Y - 7 potions of ambrosia
Miscellaneous
 J - a condenser vane (inert)
   (You found it in a bailey)
 R - a phantom mirror
   (You found it in a bailey)
 X - a phial of floods
   (You found it on level 2 of the Lair of Beasts)


   Skills:
 * Level 16.2 Fighting
 - Level 7.1(8.5) Short Blades
 + Level 7.0(8.4) Long Blades
 + Level 10.3 Dodging
 * Level 9.4 Shields
 - Level 5.0 Spellcasting
 - Level 5.2 Summonings
 + Level 7.7 Necromancy
 + Level 10.5 Earth Magic
 + Level 12.0 Invocations
 - Level 3.0 Evocations


You had 10 spell levels left.
You knew the following spells:

 Your Spells              Type           Power      Damage    Failure   Level
a - Call Imp              Summ           28%        N/A       3%          2
b - Passwall              Tmut/Erth      23%        N/A       3%          2
c - Borgnjor's Vile Clut  Necr/Erth      22%        N/A       14%         5
d - Lee's Rapid Deconstr  Erth           25%        3d15*     8%          5

Your spell library contained the following spells:

 Spells                   Type           Power      Damage    Failure   Level
 Sandblast                Erth           100%       2d20      1%          1
 Vampiric Draining        Necr           19%        2d8       2%          3
 Stone Arrow              Conj/Erth      56%        3d10      7%          3
 Animate Dead             Necr           19%        N/A       9%          4
 Beastly Appendage        Tmut           10%        N/A       21%         1
 Freeze                   Ice            20%        1d4       21%         1
 Magic Dart               Conj           20%        1d4       21%         1
 Shock                    Conj/Air       20%        1d4       21%         1
 Blink                    Tloc           N/A        N/A       30%         2
 Ensorcelled Hibernation  Hex/Ice        10%        N/A       30%         2
 Slow                     Hex            5%         N/A       30%         2
 Static Discharge         Conj/Air       5%         N/A       30%         2
 Wereblood                Tmut           5%         N/A       30%         2
 Confusing Touch          Hex            5%         N/A       52%         3
 Dazzling Flash           Conj/Hex       10%        N/A       52%         3
 Frozen Ramparts          Ice            10%        1d3       52%         3
 Gell's Gravitas          Tloc           2%         N/A       52%         3
 Mephitic Cloud           Conj/Pois/Air  5%         N/A       52%         3
 Spider Form              Tmut/Pois      2%         N/A       52%         3
 Swiftness                Air            5%         N/A       52%         3
 Teleport Other           Tloc           5%         N/A       52%         3
 Tukima's Dance           Hex            5%         N/A       52%         3
 Summon Ice Beast         Ice/Summ       17%        N/A       56%         4
 Summon Lightning Spire   Summ/Air       17%        N/A       56%         4
 Summon Mana Viper        Hex/Summ       17%        N/A       89%         5
 Airstrike                Air            2%         N/A       90%         4
 Hailstorm                Conj/Ice       5%         3d4       90%         4
 Ice Form                 Ice/Tmut       5%         N/A       90%         4
 Iskenderun's Mystic Bla  Conj/Tloc      5%         2d3       90%         4
 Passage of Golubria      Tloc           N/A        N/A       90%         4
 Alistair's Intoxication  Tmut/Pois      3%         N/A       99%         5
 Lightning Bolt           Conj/Air       2%         1d14      99%         5
 Manifold Assault         Tloc           5%         N/A       99%         5
 Metabolic Englaciation   Hex/Ice        2%         N/A       99%         5
 Yara's Violent Unravell  Hex/Tmut       2%         3d3       99%         5
 Dispersal                Tloc           2%         N/A       100%        6
 Eringya's Noxious Bog    Tmut/Pois      2%         N/A       100%        6
 Simulacrum               Ice/Necr       11%        N/A       100%        6
 Starburst                Conj/Fire      2%         8x6d3     100%        6
 Haunt                    Necr/Summ      17%        N/A       100%        7
 Monstrous Menagerie      Summ           14%        N/A       100%        7
 Storm Form               Tmut/Air       2%         N/A       100%        7
 Infestation              Necr           19%        N/A       100%        8
 Maxwell's Capacitive Co  Air            2%         ∞         100%        8


Dungeon Overview and Level Annotations

Branches:
Dungeon (13/15)            Temple (0/1) D:7            Lair (6/6) D:9
 Shoals (0/4) Lair:3       Spider (0/4) Lair:2        Slime (0/5) Lair:5
    Orc (2/2) D:10            Elf (0/3) Orc:2        Bailey (visited)
  IceCv (visited)         Gauntlet (visited)
 Vaults: D:13-14

Altars:
Fedhas
Hepliaklqana
Beogh
Lugonu

Shops:
D:3 !   D:4 *   D:6 *   D:9 (   Orc:2 ??(:

Portals:
Abyss: Lair:6

Annotations:
Lair:1 Pyaps's ghost, journeyman GnBe


Innate Abilities, Weirdness & Mutations

Your dull iron-grey scales are very hard. (AC +14)
You are amphibious.
You cannot fit into any form of body armour.
You are cold-blooded and may be slowed by cold attacks.
You have an increased reservoir of magic. (+10% MP)
You are covered in fur. (AC +1)
Your muscles are strong. (Str +2)
You are occasionally teleported next to monsters.


Message History

You tail-slap the two-headed ogre, but do no damage.
You block the two-headed ogre's attack. The two-headed ogre closely misses you.
You slash the two-headed ogre! You freeze the two-headed ogre!
You block the two-headed ogre's attack.
The two-headed ogre hits you with a +0 giant spiked club!!
* * * LOW HITPOINT WARNING * * *
You barely miss the two-headed ogre. You slash the two-headed ogre!
You freeze the two-headed ogre.
The two-headed ogre hits you with a +0 giant club!!
* * * LOW HITPOINT WARNING * * *
The two-headed ogre hits you with a +0 giant spiked club!
* * * LOW HITPOINT WARNING * * *
You slice the two-headed ogre!! You freeze the two-headed ogre.
You kill the two-headed ogre!
Lugonu accepts your kill.
You start resting.
A death knight is nearby!
Unknown command.
The death knight shouts!
You see here an ugly thing corpse.
Aim: a death knight, wielding a +2 battleaxe and wearing a +0 chain mail (chance to affect: 42%)
The death knight resists with some effort.
The death knight offers itself to Yredelemnul, and fills with unholy energy.
Aim: a death knight, wielding a +2 battleaxe and wearing a +0 chain mail (reflecting injuries, chance to affect: 42%)
The death knight resists with some effort.
Aim: a death knight, wielding a +2 battleaxe and wearing a +0 chain mail (reflecting injuries, chance to affect: 42%)
The death knight resists with some effort.
Aim: a death knight, wielding a +2 battleaxe and wearing a +0 chain mail (reflecting injuries, chance to affect: 42%)
The death knight resists with some effort.
Aim: a death knight, wielding a +2 battleaxe and wearing a +0 chain mail (reflecting injuries, chance to affect: 42%)
The death knight is devoured by a tear in reality.
Lugonu claims a new guest.
As you read the scroll of teleportation {@r4}, it crumbles to dust.
You feel strangely unstable.
Unknown command.
You see here an ugly thing corpse.
The phantasmal warrior blinks!
Your surroundings suddenly seem different.
Found 12 gold pieces.
You start resting.
A centaur warrior is nearby!
The centaur warrior shouts!
The centaur warrior wields a +0 longbow.
The centaur warrior shoots an arrow.
The arrow closely misses you.
The centaur warrior shoots an arrow.
The arrow hits you!
* * * LOW HITPOINT WARNING * * *
Okay, then.
Found 26 stones.
The centaur warrior shoots an arrow.
The arrow hits you!!
You die...

....#......zp###
....#..#.###.##* ....#.##(#
#...* .......#.# ###.#
....$..#c#* #.#* *******
..........#***..* *####,,,,,*
....##.#....#*#.##*##....,,,,,*
....*#.#.##.# #..##....#*,,,,,*
.###*#.#,.*,####@......#*******
.* #.#*.#,#.......#### ,*
#.#*...(..##.###
,****#.#*......*#.##
,**,,..,,......*#..####
,,,,*#..,......###c...#
,,,,,...*..#.........$#
>****#C##....##########
***###.#...##*


You could see a centaur warrior.

Vanquished Creatures
  A tentacled starspawn (Abyss:1)
  A frost giant (IceCv)
  2 orc warlords
  A minotaur (Gauntlet)
  Snorg (Lair:5)
  A boulder beetle (Abyss:1)
  4 hydras
  3 catoblepae
  5 two-headed ogres
  7 death yaks
  3 thrashing horrors (Lair:6)
  7 orc high priests
  Urug (Lair:1)
  A glowing orange brain (Gauntlet)
  A flayed ghost (Abyss:1)
  Pikel (D:7)
  2 orc knights (Orc:1)
  2 oklob plants (Lair:2)
  6 ugly things
  A moth of wrath (shapeshifter) (Lair:6)
  A manticore (Lair:3)
  Maurice (D:8)
  4 centaur zombies
  An ice statue (IceCv)
  14 elephants
  A black mamba (Lair:6)
  2 smoke demons (Lair:6)
  15 cane toads
  4 rime drakes (Lair:2)
  A kobold demonologist (D:10)
  11 komodo dragons
  2 ancient zymes (Lair:6)
  A queen bee (Lair:2)
  A wind drake (shapeshifter) (Lair:6)
  6 trolls
  A wind drake (Lair:3)
  11 polar bears
  14 blink frogs
  12 dream sheep
  4 flying skulls (Gauntlet)
  2 shadows
  3 spriggans
  2 ynoxinuls (Lair:6)
  A redback (Lair:2)
  An alligator skeleton (Abyss:1)
  9 wyverns
  2 wraiths
  4 large abominations
  6 basilisks
  47 yaks
  3 vampire mosquitoes (D:11)
  5 steam dragons
  A chaos spawn (Lair:6)
  Menkaure (D:5)
  7 wargs
  An acid dragon (Abyss:1)
  13 water moccasins
  A sky beast (D:7)
  31 orc warriors
  A black bear (Lair:1)
  A necrophage (D:8)
  40 wolves
  7 ogres
  8 centaurs
  2 lemures (D:7)
  3 phantoms
  A kobold brigand (D:8)
  3 two-headed ogre simulacra (D:12)
  13 bullfrogs
  A wyvern zombie (D:6)
  A cane toad simulacrum (D:12)
  2 scorpions
  28 killer bees (Lair:2)
  22 small abominations
  10 wights
  A howler monkey (D:7)
  An elephant simulacrum (D:12)
  2 bullfrog zombies
  A gnoll shaman (D:3)
  A centaur skeleton (D:5)
  A jelly (D:6)
  38 orc priests
  2 hounds
  Ijyb (D:3)
  3 iguanas
  14 orc wizards
  A human skeleton (Abyss:1)
  A spriggan simulacrum (D:12)
  A troll simulacrum (D:12)
  A killer bee zombie (D:6)
  A wolf simulacrum (D:12)
  2 howler monkey zombies
  4 adders
  10 gnolls
  A river rat (Lair:2)
  A shadow imp (D:6)
  A white imp (D:7)
  2 worms (D:2)
  87 orcs
  5 bats
  6 endoplasms
  4 giant cockroaches
  7 goblins
  10 hobgoblins
  4 jackals
  25 kobolds
  4 quokkas
  4 ball pythons
  2 frilled lizards
  A jackal skeleton (D:4)
  10 rats
701 creatures vanquished.

Vanquished Creatures (others)
  An orc sorcerer (Orc:1)
  25 demonic plants (Gauntlet)
  23 fungi
  48 plants
  8 starspawn tentacles (Abyss:1)
105 creatures vanquished.

Grand Total: 806 creatures vanquished

Notes
Turn   | Place    | Note
-------+----------+-------------------------------------------
     0 | Abyss:1  | Brandom the Draconian Abyssal Knight began the quest for
                  | the Orb.
     0 | Abyss:1  | Reached XP level 1. HP: 19/19 MP: 2/2
    51 | Abyss:1  | Noticed a large abomination
    57 | D:1      | Escaped the Abyss
   189 | D:1      | Reached * piety under Lugonu
   191 | D:1      | Reached XP level 2. HP: 23/26 MP: 3/3
   351 | D:1      | Found a faded altar of an unknown god.
  1091 | D:2      | Reached XP level 3. HP: 32/33 MP: 4/4
  1227 | D:2      | Reached skill level 4 in Fighting
  1766 | D:3      | Gained mutation: You are dopey. (Int -2) [potion of
                  | mutation]
  1766 | D:3      | Gained mutation: You are agile. (Dex +2) [potion of
                  | mutation]
  1841 | D:3      | Reached ** piety under Lugonu
  1875 | D:3      | Found Peruy's Distillery.
  1883 | D:3      | Reached XP level 4. HP: 30/41 MP: 6/6
  1985 | D:3      | Bought a potion of heal wounds for 65 gold pieces
  2292 | D:3      | Noticed Ijyb
  2304 | D:3      | Killed Ijyb
  2564 | D:3      | Reached XP level 5. HP: 30/47 MP: 7/7
  2914 | D:4      | Identified the +5 short sword "Unetall" {vorpal, rC+ Dex+4}
  3016 | D:4      | Noticed a phantom
  3026 | D:4      | Killed a phantom
  3027 | D:4      | Reached skill level 5 in Fighting
  3056 | D:4      | Found Weuf's Overcharged Wands.
  3219 | D:4      | Noticed an ogre
  3228 | D:4      | Killed an ogre
  3229 | D:4      | Reached skill level 1 in Short Blades
  3229 | D:4      | Reached XP level 6. HP: 23/56 MP: 8/8
  3810 | D:5      | Entered Level 5 of the Dungeon
  3828 | D:5      | Reached skill level 6 in Fighting
  3886 | D:5      | Your scales start taking on a dull iron-grey colour.
  3886 | D:5      | Reached XP level 7. HP: 45/63 MP: 10/10
  4043 | D:5      | Noticed Menkaure
  4081 | D:5      | Killed Menkaure
  4498 | D:5      | Reached skill level 7 in Fighting
  4499 | D:5      | Reached *** piety under Lugonu
  4952 | D:6      | Reached XP level 8. HP: 60/73 MP: 11/11
  5252 | D:6      | Reached skill level 5 in Invocations
  5257 | D:6      | Reached skill level 1 in Shields
  5261 | D:6      | Learned a level 2 spell: Call Imp
  5770 | D:6      | Found Vestrir's General Store.
  5784 | D:6      | Reached skill level 1 in Summonings
  5883 | D:6      | Found Jodo's Specific Store.
  5893 | D:6      | Bought a potion of berserk rage for 55 gold pieces
  5929 | D:6      | Reached skill level 8 in Fighting
  6108 | D:6      | Reached skill level 1 in Spellcasting
  6298 | D:6      | Found a hazy altar of Hepliaklqana.
  6617 | D:6      | Reached XP level 9. HP: 32/82 MP: 13/13
  7022 | D:7      | Reached skill level 5 in Dodging
  7025 | D:7      | Found a flagged portal.
  7034 | Bailey   | Entered a bailey
  7051 | Bailey   | Noticed an orc warlord
  7425 | Bailey   | Found a runed translucent gate.
  7426 | Bailey   | Found a runed translucent gate.
  7427 | Bailey   | Found a runed translucent gate.
  7573 | Bailey   | Reached **** piety under Lugonu
  7805 | Bailey   | Killed an orc warlord
  7806 | Bailey   | Reached skill level 9 in Fighting
  8093 | Bailey   | Acquired the Catalogue of Clay and Dislocation
  8094 | Bailey   | Acquired 1138 gold pieces
  8095 | Bailey   | Acquired the amulet "Tawnau" {Reflect rN+ Str+4 SH+5}
  8105 | Bailey   | Learned a level 2 spell: Passwall
  8261 | D:7      | Noticed Pikel
  8295 | D:7      | Killed Pikel
  8296 | D:7      | Reached skill level 5 in Short Blades
  8296 | D:7      | Reached skill level 1 in Earth Magic
  8296 | D:7      | Reached XP level 10. HP: 85/92 MP: 13/15
  8345 | D:7      | Found a staircase to the Ecumenical Temple.
  8683 | D:3      | Bought a potion of experience for 650 gold pieces
  8683 | D:3      | Bought a potion of might for 52 gold pieces
  8683 | D:3      | Reached skill level 11 in Fighting
  8683 | D:3      | Reached skill level 5 in Summonings
  8683 | D:3      | Reached XP level 11. HP: 102/102 MP: 15/17
  8690 | D:3      | Learned a level 5 spell: Borgnjor's Vile Clutch
  8690 | D:3      | Reached skill level 12 in Fighting
  8690 | D:3      | Reached XP level 12. HP: 112/112 MP: 16/18
  8711 | D:4      | Bought a wand of paralysis (25) for 459 gold pieces
  9397 | D:8      | Noticed Maurice
  9419 | D:8      | Killed Maurice
 10316 | D:9      | Found Omiwysk's Antique Weapon Shop.
 10335 | D:9      | Found a staircase to the Lair.
 10357 | D:9      | Reached skill level 1 in Evocations
 10394 | D:9      | Noticed a two-headed ogre
 10395 | D:9      | Banished a two-headed ogre
 11009 | D:9      | Reached ***** piety under Lugonu
 11326 | D:9      | Noticed a two-headed ogre
 11327 | D:9      | Banished a two-headed ogre
 11328 | D:9      | Reached skill level 5 in Spellcasting
 11743 | D:10     | Entered Level 10 of the Dungeon
 12410 | D:10     | Found a staircase to the Orcish Mines.
 13244 | D:11     | Learned a level 5 spell: Lee's Rapid Deconstruction
 13396 | D:11     | Noticed a four-headed hydra
 13408 | D:11     | Killed a four-headed hydra
 13409 | D:11     | Reached skill level 13 in Fighting
 13883 | D:12     | Found a frozen archway.
 14051 | IceCv    | Entered an ice cave
 14416 | IceCv    | Reached XP level 13. HP: 113/122 MP: 20/20
 14834 | IceCv    | Reached skill level 5 in Necromancy
 15249 | IceCv    | Lost mutation: You are dopey. (Int -2) [potion of mutation]
 15249 | IceCv    | Lost mutation: You are agile. (Dex +2) [potion of mutation]
 15249 | IceCv    | Gained mutation: Your magical capacity is low. (-10% MP)
                  | [potion of mutation]
 15249 | IceCv    | Gained mutation: You sometimes lose the ability to read
                  | scrolls when taking damage. [potion of mutation]
 15523 | IceCv    | Reached skill level 10 in Invocations
 15709 | IceCv    | Noticed a frost giant
 15743 | IceCv    | Killed a frost giant
 16514 | IceCv    | Reached skill level 14 in Fighting
 16697 | IceCv    | Identified the +6 scimitar "Vyseqed" {freeze, rC- Str+3
                  | Int+3}
 16702 | IceCv    | Got Sif Muna's Catalogue of Ice
 17302 | D:12     | Identified the -2 cloak of Fedhas's Delight {rC+ Int+4
                  | Stlth+}
 17608 | Lair:1   | Entered Level 1 of the Lair of Beasts
 17683 | Lair:1   | Found a runed translucent gate.
 17685 | Lair:1   | Found a runed translucent gate.
 17689 | Lair:1   | Noticed Pyaps's ghost (journeyman GnBe)
 17709 | Lair:1   | Found a runed translucent gate.
 18376 | Lair:1   | Noticed Urug
 18393 | Lair:1   | Killed Urug
 20303 | Lair:1   | Reached skill level 5 in Shields
 20861 | Lair:2   | Found a hole to the Spider Nest.
 20984 | Lair:2   | Reached XP level 14. HP: 119/133 MP: 19/19
 21079 | Lair:2   | Found a blossoming altar of Fedhas.
 22950 | Lair:3   | Identified the +9 trident of Hemio {venom, *Rage rPois rC+
                  | rCorr Dex+5}
 23440 | Lair:3   | Found a staircase to the Shoals.
 24107 | Lair:4   | Reached skill level 15 in Fighting
 24934 | Lair:4   | Reached skill level 5 in Long Blades
 26152 | Lair:5   | Found a staircase to the Slime Pits.
 26309 | Lair:5   | Noticed Snorg
 26319 | Lair:5   | Killed Snorg
 26801 | Lair:6   | Entered Level 6 of the Lair of Beasts
 27352 | Lair:6   | Reached XP level 15. HP: 91/141 MP: 18/21
 29884 | Lair:6   | Found a corrupted altar of Lugonu.
 29884 | Lair:6   | Found a one-way gate to the infinite horrors of the Abyss.
 29894 | Lair:6   | Voluntarily entered the Abyss.
 30065 | Abyss:1  | Noticed a tentacled starspawn
 30117 | Abyss:1  | Killed a tentacled starspawn
 30118 | Abyss:1  | Reached skill level 10 in Dodging
 30118 | Abyss:1  | Reached skill level 10 in Earth Magic
 30399 | Lair:6   | Escaped the Abyss
 30888 | Orc:1    | Entered Level 1 of the Orcish Mines
 31787 | Orc:2    | Entered Level 2 of the Orcish Mines
 31932 | Orc:2    | Found a staircase to the Elven Halls.
 32332 | Orc:1    | Reached skill level 16 in Fighting
 33416 | Orc:2    | HP: 7/144 [sixfirhy[an orc high priest] (11)]
 33474 | Orc:2    | Escaped the Abyss
 34383 | Orc:2    | Found Zirasch's Book Emporium.
 34383 | Orc:2    | Found Kesyzoic's Weapon Boutique.
 34390 | Orc:2    | Bought a manual of Long Blades for 960 gold pieces
 34798 | Orc:2    | Found Zavami's Magic Scroll Emporium.
 34798 | Orc:2    | Found Roofivvy's Magic Scroll Boutique.
 34808 | Orc:2    | Bought a scroll of blinking for 112 gold pieces
 34808 | Orc:2    | Bought a scroll of magic mapping for 52 gold pieces
 34817 | Orc:2    | Bought a scroll of enchant armour for 105 gold pieces
 34817 | Orc:2    | Bought a scroll of teleportation for 42 gold pieces
 34817 | Orc:2    | Bought a scroll of noise for 14 gold pieces
 34817 | Orc:2    | Bought a scroll of magic mapping for 49 gold pieces
 34817 | Orc:2    | Bought a scroll of teleportation for 42 gold pieces
 34817 | Orc:2    | Bought a scroll of magic mapping for 49 gold pieces
 35038 | Orc:1    | Noticed an orc warlord
 35072 | Orc:2    | Killed an orc warlord
 36024 | D:13     | Found a gate leading to a gauntlet.
 36037 | Gauntlet | Entered a Gauntlet
 36037 | Gauntlet | Found a transporter.
 36037 | Gauntlet | Found a transporter.
 36048 | Gauntlet | Found a transporter.
 36050 | Gauntlet | Found a transporter.
 36058 | Gauntlet | Found a transporter.
 36061 | Gauntlet | Found a transporter.
 36069 | Gauntlet | Found a transporter.
 36088 | Gauntlet | Found a transporter.
 36105 | Gauntlet | Found a transporter.
 36108 | Gauntlet | Found a transporter.
 36120 | Gauntlet | Found a transporter.
 36121 | Gauntlet | Found a transporter.
 36612 | Gauntlet | Identified the +5 war axe of Governance {venom, Dex+2}
 36612 | Gauntlet | Identified the +3 plate armour of the Turtle {Harm Str-2
                  | Dex+4}
 37034 | D:13     | Lost mutation: You sometimes lose the ability to read
                  | scrolls when taking damage. [potion of mutation]
 37034 | D:13     | Lost mutation: Your magical capacity is low. (-10% MP)
                  | [potion of mutation]
 37034 | D:13     | Gained mutation: You have an increased reservoir of magic.
                  | (+10% MP) [potion of mutation]
 37034 | D:13     | Gained mutation: You are occasionally teleported next to
                  | monsters. [potion of mutation]
 37034 | D:13     | Gained mutation: Your muscles are strong. (Str +2) [potion
                  | of mutation]
 37034 | D:13     | Gained mutation: You are covered in fur. (AC +1) [potion of
                  | mutation]
 37304 | D:13     | Shot with an arrow by a centaur warrior

Illustrated notes

Levels and vault maps discovered:
D:1:      psy_arrival_dodecagon, layout_loops_ring,
          shapermc_ecumenical_altar_ellora
D:2:      layout_loops_ring
D:3:      layout_rooms, serial_shops, shop_fountains, minmay_liquid_box,
          hangedman_decor_clover_reticule, kennysheep_path_1,
          minmay_pentomino_pile, uniq_ijyb
D:4:      layout_loops_cross, nicolae_shop_overcharged_wands
D:5:      layout_basic, uniq_menkaure
D:6:      layout_gridville, general_overflow_altar, nicolae_specific_store,
          minivault_19, minmay_manual_mares
D:7:      layout_rooms, temple_pool_b, enter_bailey_2, uniq_pikel
D:8:      lemuel_ice_spiral_2, layout_basic, st_stairs_14, uniq_maurice
D:9:      layout_loops_ring, david_lair_shrubbed, serial_shops, shop_statue
D:10:     layout_long_grid, orc_0_dummy
D:11:     layout_basic, minmay_fountain_box, chequers_serial_rivers_micro_b
D:12:     layout_loops_ring, portal_ice_cave_entry_ice_simulacra
D:13:     layout_rooms, gauntlet_entry_generic, serial_shops,
          nicolae_shop_competitors_out_of_business,
          pdpol_wu_jian_five_deadly_venoms
Lair:1:   layout_cave_shapes, gammafunk_ghost_split, uniq_urug
Lair:2:   regret_index_bee_streams, layout_regular_city, spider_nest_entry_webs,
          hangedman_tree_tricks, grunt_forest_stairs_clearing,
          serial_bayou_shore_b
Lair:3:   layout_regular_city, minmay_shoals_entry_beasts,
          infiniplex_staircase_pool
Lair:4:   layout_cave_pods
Lair:5:   layout_regular_city, slime_dummy, uniq_snorg
Lair:6:   hellmonk_lair_end_abyssal_woods, layout_cave_pods,
          chequers_serial_rivers_micro_b, nicolae_lair_yak_garden,
          grunt_megastairs_5
Orc:1:    layout_caves, mines1_david
Orc:2:    st_orc_town, layout_caves

Skill      XL: |  1  2  3  4  5  6  7  8  9 10 11 12 13 14 15 |
---------------+----------------------------------------------+-----
Fighting       | 4 5 6 7 8 9 11 12 13 14 15 16 | 16.2
Invocations    | 3 4 5 6 7 8 9 10 11 12 | 12.0
Dodging        | 3 4 5 6 7 8 9 10 | 10.3
Short Blades   | 1 3 4 5 6 7 |  7.1
Shields        | 2 3 4 5 7 9 |  9.4
Summonings     | 1 3 5 |  5.2
Spellcasting   | 1 3 4 5 |  5.0
Earth Magic    | 1 4 6 7 8 9 10 | 10.5
Necromancy     | 3 4 5 6 7 |  7.7
Evocations     | 3 |  3.0
Long Blades    | 3 5 7 |  7.0

Action                   |  1- 3 |  4- 6 |  7- 9 | 10-12 | 13-15 || total
-------------------------+-------+-------+-------+-------+-------++-------
Melee: Dagger            |   123 |    58 |       |       |       ||   181
       Tailslap          |    12 |    18 |    51 |   121 |   370 ||   572
       Short sword       |       |    69 |   334 |   552 |   469 ||  1424
       Falchion          |       |       |       |    24 |       ||    24
       Scimitar          |       |       |       |       |  1458 ||  1458
Throw: Dart              |       |       |    28 |     3 |    19 ||    50
       Boomerang         |       |       |    16 |       |       ||    16
 Cast: Passwall          |       |       |       |       |     1 ||     1
       Lee's Rapid Decon |       |       |       |       |     3 ||     3
       Borgnjor's Vile C |       |       |       |       |     6 ||     6
Invok: Depart the Abyss  |     1 |       |       |       |     2 ||     3
       Banish            |       |       |       |     5 |    16 ||    21
       Bend Space        |       |       |       |       |     4 ||     4
       Enter the Abyss   |       |       |       |       |     1 ||     1
Evoke: Wand              |       |       |    14 |       |    12 ||    26
       Condenser vane    |       |       |       |       |     1 ||     1
  Use: Scroll            |     6 |     3 |     5 |     8 |    13 ||    35
       Potion            |     1 |       |       |     2 |    16 ||    19
 Stab: Sleeping          |     3 |       |     2 |     2 |     2 ||     9
       Distracted        |       |       |       |     1 |       ||     1
       Petrified         |       |       |       |       |     3 ||     3
       Petrifying        |       |       |       |       |     2 ||     2
       Confused          |       |       |       |       |     4 ||     4
Armor: Skin              |    29 |    27 |   109 |   163 |   667 ||   995
Dodge: Dodged            |    69 |    67 |   203 |   267 |  1216 ||  1822
Block: Buckler           |       |       |    81 |   253 |   211 ||   545
       Reflection        |       |       |     1 |     9 |     6 ||    16
       Kite shield       |       |       |       |       |  1575 ||  1575
       Rpst.: Falchion   |       |       |       |     3 |       ||     3
       Scimitar          |       |       |       |       |   239 ||   239

Table legend: (Time is in decaauts)
 A = Elapsed time spent in this place.
 B = Non-inter-level travel time spent in this place.
 C = Inter-level travel time spent in this place.
 D = Time resting spent in this place.
 E = Time spent auto-exploring this place.
 F = Levels seen in this place.
 G = Mean time per level.
                   A        B        C        D        E       F      G
               +--------+--------+--------+--------+--------+-----+--------+
         Total |  37401 |  36296 |   1105 |   9685 |  20089 |  27 | 1385.2 |
       Dungeon |  14522 |  13859 |    663 |   2944 |   8600 |  13 | 1117.1 |
          Lair |  12929 |  12588 |    341 |   2680 |   7817 |   6 | 2154.8 |
  Orcish Mines |   4656 |   4557 |     99 |   2910 |    964 |   2 | 2328.0 |
         Abyss |    632 |    632 |      0 |    297 |     89 |   3 |  210.7 |
        Bailey |   1108 |   1108 |      0 |     14 |    679 |   1 | 1108.0 |
      Ice Cave |   2564 |   2564 |      0 |    584 |   1418 |   1 | 2564.0 |
      Gauntlet |    988 |    988 |      0 |    254 |    522 |   1 |  988.0 |
               +--------+--------+--------+--------+--------+-----+--------+

Top non-repeatable levels by time:
  Lair:6: 3478 daAuts
  Lair:1: 2838 daAuts
   Orc:1: 2784 daAuts
   IceCv: 2564 daAuts
  Lair:2: 2149 daAuts
   Orc:2: 1871 daAuts
  Lair:4: 1852 daAuts
     D:9: 1610 daAuts
  Lair:3: 1584 daAuts
     D:6: 1549 daAuts
     D:5: 1518 daAuts
     D:8: 1413 daAuts
    D:10: 1374 daAuts
    D:11: 1198 daAuts
     D:3: 1131 daAuts
